 Dungeon Crawl Stone Soup version 0.13.1-28-g3517093 (webtiles) character file.

414033 RepoMan the Devastator (level 23, -7/152 HPs)
             Began as an Octopode Wizard on Feb 28, 2014.
             Was the Champion of Vehumet.
             Killed from afar by a tengu reaver (23 damage)
             ... with a bolt of poison
             ... on Level 5 of the Vaults on Mar 12, 2014.
             The game lasted 23:19:49 (84418 turns).

RepoMan the Devastator (Octopode Wizard)           Turns: 84418, Time: 23:19:51

HP  -7/152       AC  7     Str 14      XL: 23   Next: 15%
MP   0/50        EV 24     Int 30      God: Vehumet [******]
Gold 3481        SH  0     Dex 11      Spells: 14 memorised,  3 levels left

Res.Fire  : + + .   See Invis. : +   C - staff of earth
Res.Cold  : + + .   Warding    : +   (no shield)
Life Prot.: + + +   Conserve   : .   r - +2 wizard hat
Res.Poison: +       Res.Corr.  : .   P - brooch of Shielding {Ward AC+4 EV+4}
Res.Elec. : +       Clarity    : .   e - ring of Tedobi {MP+9 Str+5 Int+3}
Sust.Abil.: . .     Spirit.Shd : .   o - ring of see invisible
Res.Mut.  : .       Stasis     : .   n - ring of protection from fire
Res.Rott. : .       Flight     : .   U - ring of positive energy
Saprovore : . . .                    Z - ring of protection from cold
                                     a - ring of poison resistance
                                     A - ring of protection from magic
                                     g - ring of positive energy

@: invisible, very slightly contaminated, very resistant to hostile
enchantments, very stealthy
A: almost no armour, amphibious, 8 rings, constrict 8, camouflage 1, AC +1
a: Renounce Religion
}: 3/15 runes: decaying, abyssal, gossamer


You were on level 5 of the Vaults.
You worshipped Vehumet.
Vehumet was exalted by your worship.
You were not hungry.

You visited 8 branches of the dungeon, and saw 52 of its levels.
You visited the Abyss 1 time.
You visited 1 bazaar.
You also visited: Ossuary.

You collected 6868 gold pieces.
You spent 3407 gold pieces at shops.

Inventory:

Armour
 r - a +2 wizard hat (worn)
Magical devices
 d - a wand of fire (4)
 l - a wand of fire (2)
 u - a wand of invisibility (2)
 J - a wand of paralysis (7)
 S - a wand of cold (5)
Comestibles
 b - a piece of ambrosia
 c - 8 honeycombs
 m - 6 chunks of yaktaur flesh
 t - an apricot
 v - 5 meat rations
 N - 3 bread rations
Scrolls
 i - 2 scrolls of amnesia
 j - 6 scrolls of remove curse
 p - a scroll of enchant weapon I
 w - 2 scrolls of identify
 x - 6 scrolls of teleportation
 y - a scroll of fear
 K - 3 scrolls of fog
 L - 2 scrolls of recharging
 O - a scroll of magic mapping
 T - 3 scrolls of blinking
Jewellery
 a - a ring of poison resistance (on tentacle)
 e - the ring of Tedobi (left tentacle) {MP+9 Str+5 Int+3}
   (You acquired it on level 1 of the Elven Halls)

   [ring of magical power]

   It affects your strength (+5).
   It affects your intelligence (+3).
 g - a ring of positive energy (on tentacle)
 h - the amulet of Plog {rMut Str+4 Dex+3}
   (You acquired it on level 2 of the Swamp)

   [amulet of resist mutation]

   It affects your strength (+4).
   It affects your dexterity (+3).
 n - a ring of protection from fire (on tentacle)
 o - a ring of see invisible (right tentacle)
 A - a ring of protection from magic (on tentacle)
 P - the brooch of Shielding (around mantle) {Ward AC+4 EV+4}
   (You found it on level 4 of the Spider Nest)

   [amulet of warding]

   It affects your AC (+4).
   It affects your evasion (+4).
 U - a ring of positive energy (on tentacle)
 Z - a ring of protection from cold (on tentacle)
Potions
 f - 7 potions of curing
 s - a potion of resistance
 D - 3 potions of agility
 R - a potion of brilliance
Magical staves
 C - an uncursed staff of earth (weapon)
Miscellaneous
 k - a phial of floods (inert)


   Skills:
 + Level 13.2 Fighting
 + Level 16.2 Dodging
 - Level 5.0 Stealth
 + Level 16.2 Spellcasting
 * Level 21.5 Conjurations
 - Level 12.0 Charms
   Level 1.6 Summonings
 - Level 3.0 Translocations
 - Level 8.0 Transmutations
 * Level 14.0 Earth Magic


You had 3 spell levels left.
You knew the following spells:

 Your Spells              Type           Power        Failure   Level  Hunger
a - Magic Dart            Conj           ####         0%          1    None
b - Blink                 Tloc           N/A          1%          2    None
c - Stoneskin             Trmt/Erth      #######...   1%          2    None
d - Lehudib's Crystal Sp  Conj/Erth      ########..   3%          8    ######.
e - Iron Shot             Conj/Erth      ########..   1%          6    ###....
f - Mephitic Cloud        Conj/Pois/Air  ####....     1%          3    None
g - Flight                Chrm/Air       ####......   1%          3    None
h - Haste                 Chrm           #######.     1%          6    ###....
i - Iskenderun's Battles  Conj/Chrm      #######.     1%          4    None
k - Apportation           Tloc           #####.....   1%          1    None
p - Cure Poison           Pois           ###.......   2%          2    None
r - Repel Missiles        Chrm/Air       ####......   1%          2    None
s - Statue Form           Trmt/Erth      #######...   3%          6    ###....
v - Venom Bolt            Conj/Pois      ######....   1%          5    None


Dungeon Overview and Level Annotations

Branches:
Dungeon (21/27)            Temple (1/1) D:5             Orc (4/4) D:8
    Elf (3/3) Orc:3          Lair (8/8) D:11          Swamp (5/5) Lair:4
 Spider (5/5) Lair:4        Slime (0/6) Lair:6       Vaults (5/5) D:18
  Blade (0/1) Vaults:4      Crypt (0/5) Vaults:2

Altars:
Ashenzari
Cheibriados
Elyvilon
Fedhas
Kikubaaqudgha
Makhleb
Nemelex Xobeh
Okawaru
Sif Muna
Trog
Vehumet
Xom
Yredelemnul
Zin
the Shining One
Beogh

Shops:
D:12 [*%?   D:18 =   Orc:4 /[+(   Elf:1 (*   Elf:3 !/   Vaults:2 *

Annotations:
D:3 exclusion: downstairs, Terence; teukkam's ghost, average DrMo
Lair:6 exclusion: oklob plant
Vaults:5 Boris


Innate Abilities, Weirdness & Mutations

You cannot wear most types of armour.
You are amphibious.
You can wear up to eight rings at the same time.*
You can use your tentacles to constrict many enemies at once.*
Your skin changes colour to match your surroundings (Stlth).*
Your rubbery body absorbs attacks (AC +1).*


Message History

Unknown command.
Casting: Magic Dart
Confirm with . or Enter, or press ? or * to list all spells.
Aiming: Venom Bolt
Press: ? - help, Shift-Dir - straight line, f - tengu reaver
Aim: a tengu reaver, wielding an orcish halberd and wearing a ring mail
Okay, then.
Casting: Venom Bolt
Confirm with . or Enter, or press ? or * to list all spells.
Aiming: Venom Bolt
Press: ? - help, Shift-Dir - straight line, f - tengu reaver
Aim: a tengu reaver, wielding an orcish halberd and wearing a ring mail The bolt of poison hits the tengu reaver.
The tengu reaver is moderately wounded.
Your battlesphere fires!
The barrage of energy hits the battlesphere.
The battlesphere is moderately damaged.
The tengu reaver gestures at you while chanting.
The bolt of poison hits you! You resist.
You die...

.# ###############..#
......β‰ˆ*(*E......#
....cHβ‰ˆ()..@.....#
c....β‰ˆ.β‰ˆ........#
................#
##############..# .#
#


You could see a tengu reaver, a yaktaur captain and a friendly water elemental.

Vanquished Creatures
  Saint Roka (Swamp:4)
  Norris (Elf:3)
  Mara (D:18)
  Nikola (Spider:4)
  Arachne (Spider:4)
  3 deep elf blademasters (Elf:3)
  A lich (Abyss:1)
  6 deep elf master archers (Elf:3)
  A kraken (Abyss:4)
  Rupert (Vaults:3)
  Agnes (Vaults:3)
  A sphinx (Vaults:3)
  Roxanne (D:16)
  A tengu reaver (Vaults:3)
  A frost giant (D:19)
  A fire giant (Vaults:4)
  Donald (Spider:5)
  Maud (Lair:4)
  6 deep elf sorcerers
  5 ghost moths
  Aizul (Spider:5)
  An iron dragon (D:19)
  Louise (Vaults:2)
  5 vault wardens
  4 tentacled starspawn
  Gastronok (Lair:2)
  6 emperor scorpions
  7 stone giants
  Jorgrun (Spider:4)
  A deep elf demonologist (Elf:3)
  The ghost of Priest the Cleaver, a powerful GrBe of Trog (Spider:5)
  7 deep elf annihilators
  A yellow draconian (Abyss:2)
  10 starcursed masses
  An ettin (D:19)
  The ghost of Priest the Cleaver, a powerful GrBe of Trog (Lair:7)
  Snorg (Swamp:2)
  6 deep elf death magi
  6 dragons
  A deep elf high priest (Elf:3)
  2 mummy priests (D:17)
  A great orb of eyes (Vaults:3)
  4 ironheart preservers
  12 yaktaur captains
  6 vault guards
  Fannar (Elf:2)
  Harold (Orc:3)
  Josephine (D:10)
  An ice dragon (D:12)
  24 hydras
  2 ravenous feature mimics
  A ravenous item mimic (D:19)
  Nessos (Elf:2)
  A dancing weapon (Vaults:4)
  Erica (D:13)
  A deep troll earth mage (D:19)
  26 death yaks
  A deep troll shaman (D:19)
  5 alligators
  5 ogre magi
  7 very ugly things
  A wretched star (Abyss:4)
  5 thrashing horrors
  A rakshasa (D:12)
  3 orc high priests (Orc:4)
  2 spectral elves
  2 fire crabs (Vaults:2)
  A fire crab (shapeshifter) (Elf:3)
  11 deep elf knights
  6 catoblepae
  18 centaur warriors
  4 iron trolls
  4 skeletal warriors (D:17)
  6 deep trolls
  2 spatial maelstroms (Abyss:1)
  An unseen horror (shapeshifter) (Elf:2)
  A storm dragon skeleton (Vaults:3)
  A shadow demon (Abyss:2)
  10 large abominations
  3 giant orange brains
  11 swamp dragons
  22 hill giants
  7 harpies
  13 ironbrand convokers
  5 unseen horrors
  The ghost of teukkam the Martial Artist, an experienced DrMo (D:8)
  Joseph (D:7)
  5 giant amoebae
  8 red wasps
  20 orc knights
  10 griffons
  15 deep elf conjurers
  A harpy (shapeshifter) (D:19)
  5 stone giant zombies
  28 wolf spiders
  8 cyclopes
  3 stone golems (D:19)
  A human (shapeshifter) (D:12)
  3 oklob plants
  11 orc sorcerers
  A sixfirhy (Elf:3)
  2 black mambas (Lair:8)
  A red wasp (shapeshifter) (Vaults:2)
  15 elephants
  A guardian serpent (Abyss:2)
  Maurice (Orc:1)
  12 vault sentinels
  4 stone giant skeletons
  2 fire giant skeletons
  22 spiny frogs
  A frost giant skeleton (D:19)
  9 deep elf summoners
  2 feature mimics
  2 eyes of devastation
  3 spiny worms
  Pikel (D:4)
  A black mamba (shapeshifter) (Vaults:1)
  19 small abominations
  2 moths of wrath
  A moth of suppression (Spider:5)
  5 orange demons
  Psyche (Orc:2)
  A redback zombie (D:17)
  51 yaktaurs
  5 smoke demons
  7 hellwings
  2 fire drakes (Swamp:5)
  2 iron troll zombies
  A fire drake (shapeshifter) (Vaults:3)
  14 orb spiders
  A yaktaur (shapeshifter) (Vaults:4)
  2 efreet
  7 trolls
  9 demonic crawlers
  An ancient zyme (Abyss:2)
  A spriggan (shapeshifter) (D:15)
  An iron devil (Elf:3)
  A guardian mummy (D:17)
  6 deep elf priests
  A mermaid (shapeshifter) (Vaults:2)
  A queen bee (shapeshifter) (Vaults:2)
  14 blink frogs
  6 giant leeches
  A hydra zombie (D:15)
  4 iron troll skeletons
  2 queen bees
  27 jumping spiders
  A troll (shapeshifter) (Vaults:3)
  13 two-headed ogres
  5 wandering mushrooms
  6 boulder beetles
  5 bog bodies
  84 slime creatures
  7 komodo dragons
  A stone giant simulacrum (Vaults:2)
  A blink frog (shapeshifter) (D:14)
  2 brown oozes (Swamp:1)
  A red wasp zombie (D:20)
  2 griffon zombies
  2 ettin zombies
  8 flying skulls
  3 sharks (Spider:4)
  2 grizzly bears (shapeshifter)
  14 trapdoor spiders
  An ettin skeleton (Vaults:2)
  5 basilisks
  5 shadows
  An air elemental (D:9)
  42 redbacks
  A dragon skeleton (D:12)
  4 wraiths
  90 yaks
  2 wyverns
  21 deep elf magi
  109 ugly things
  4 ynoxinuls
  A hill giant zombie (D:14)
  A tarantella (shapeshifter) (D:17)
  A fire elemental (D:9)
  A griffon skeleton (D:19)
  11 hungry ghosts
  20 tarantellas
  An ugly thing zombie (Vaults:2)
  An elephant slug (Lair:4)
  8 hippogriffs
  A hog (shapeshifter) (Elf:3)
  2 vampires
  20 deep elf fighters
  Grum (D:12)
  4 clay golems
  8 neqoxecs
  51 vampire mosquitoes
  2 spatial vortices (Abyss:1)
  A hippogriff (shapeshifter) (Vaults:3)
  2 soldier ants
  2 necrophages
  5 rock worms
  Edmund (D:8)
  4 manticores
  4 mottled dragons
  Menkaure (D:17)
  A rock worm (shapeshifter) (Elf:2)
  24 wolves
  4 freezing wraiths
  35 swamp worms
  2 deep troll skeletons (Vaults:3)
  A dwarf (shapeshifter) (D:19)
  10 porcupines
  6 sky beasts
  20 swamp drakes
  17 giant goldfish
  2 human zombies
  5 ice beasts
  3 yellow wasps
  46 orc warriors
  15 crocodiles
  An ice beast (shapeshifter) (Vaults:4)
  32 ogres
  4 slaves
  3 boring beetles
  4 phantoms
  33 centaurs
  Sigmund (D:7)
  Duvessa (D:8)
  9 giant slugs
  10 wargs
  2 brain worms
  A yaktaur zombie (D:18)
  2 lost souls (Elf:3)
  7 big kobolds
  Blork the orc (D:7)
  A silver statue (Orc:2)
  A cyclops zombie (D:11)
  45 insubstantial wisps
  A yaktaur skeleton (D:20)
  9 agate snails
  23 water moccasins
  19 giant frogs
  4 earth elementals
  3 spectral rock worms (D:19)
  2 gnoll sergeants
  A wyvern skeleton (D:12)
  3 boulder beetle zombies
  A cyclops skeleton (D:17)
  A yak zombie (D:11)
  29 jellyfish
  6 eyes of draining
  2 oklob saplings (D:11)
  73 killer bees
  3 troll zombies
  2 yak skeletons
  3 hippogriff skeletons
  17 wights
  A quasit (D:12)
  10 electric eels
  12 crimson imps
  Dowan (D:8)
  2 giant frog zombies
  8 hounds
  17 spiders
  9 goliath beetles
  10 iguanas
  2 centaur skeletons
  29 orc priests
  5 scorpions
  3 jellies
  10 big fish
  2 giant slug simulacra
  6 orange rats
  A gnoll shaman (D:6)
  A water moccasin skeleton (D:5)
  29 orc wizards
  2 boulder beetle simulacra
  4 iron imps
  8 worker ants
  13 sheep
  3 big kobold zombies
  The ghost of Priest the Chopper, a weakling DDBe of Trog (D:4)
  Jessica (D:3)
  2 ogre skeletons
  A hound zombie (Ossuary)
  A sky beast zombie (D:10)
  7 boggarts
  8 mummies
  A worker ant zombie (D:10)
  25 gnolls
  23 adders
  A brain worm simulacrum (Abyss:2)
  6 giant mites
  2 lemures (Abyss:4)
  4 giant centipedes
  60 green rats
  An inept feature mimic (D:7)
  4 white imps
  4 worms
  16 ufetubi
  2 giant eyeballs
  8 giant geckos
  An ooze (D:5)
  151 orcs
  18 bats
  4 giant cockroaches
  18 goblins
  25 hobgoblins
  15 jackals
  15 quokkas
  3 ball pythons
  2 giant gecko skeletons (D:5)
  4 giant newts
  4 giant spores
  A gnoll zombie (Ossuary)
  3 goblin zombies (Ossuary)
  A hobgoblin zombie (Ossuary)
  A jackal zombie (Ossuary)
  36 kobolds
  A kobold zombie (Ossuary)
  4 orc zombies
  21 rats
  17 ballistomycetes
  3 crawling corpses (Elf:3)
  4 fungi
  5 plants
  2 starspawn tentacles
  A tentacle (Abyss:4)
2612 creatures vanquished.

Vanquished Creatures (collateral kills)
  A stone giant (Vaults:2)
  A yaktaur (Vaults:3)
  An orange demon (Vaults:2)
  An iron devil (Elf:3)
  An agate snail (Lair:6)
  A hound (D:4)
  Crazy Yiuf (D:2)
  A sheep (Lair:5)
  2 gnolls (D:1)
  An adder (D:1)
  3 worms
14 creatures vanquished.

Vanquished Creatures (others)
  A frost giant skeleton (Vaults:2)
  A deep elf mage (Elf:1)
  A water elemental (D:9)
  A deep elf fighter (Elf:3)
  A wolf (Lair:5)
  2 vampire mosquitoes (Vaults:3)
  A hound (Lair:5)
  2 crimson imps
  A spider (Spider:3)
  An iguana (D:11)
  42 fulminant prisms
  A white imp (D:4)
  A giant gecko (D:11)
  An orc (Orc:1)
  6 giant spores
  A goblin (Orc:1)
  7 jackals (Lair:5)
  2 ballistomycetes
  26 fungi
  7 plants
  8 starspawn tentacles
  101 starspawn tentacle segments
  3 tentacles (Abyss:4)
  11 tentacle segments (Abyss:4)
229 creatures vanquished.

Grand Total: 2855 creatures vanquished

Notes
Turn   | Place    | Note
--------------------------------------------------------------
     0 | D:1      | RepoMan, the Octopode Wizard, began the quest for the Orb.
     0 | D:1      | Reached XP level 1. HP: 9/9 MP: 5/5
   234 | D:1      | Reached XP level 2. HP: 15/15 MP: 4/7
   719 | D:1      | Learned a level 2 spell: Blink
   722 | D:1      | Learned a level 2 spell: Call Imp
  1025 | D:1      | Reached XP level 3. HP: 10/19 MP: 1/9
  1052 | D:1      | Learned a level 2 spell: Repel Missiles
  1447 | D:2      | Reached XP level 4. HP: 13/25 MP: 2/11
  2346 | D:2      | Learned a level 3 spell: Mephitic Cloud
  2374 | D:2      | Noticed Terence
  2754 | D:4      | Noticed a slave
  2755 | D:4      | Noticed a slave
  2755 | D:4      | Noticed a slave
  2815 | D:4      | Found a shimmering altar of Xom.
  2876 | D:4      | Reached XP level 5. HP: 19/29 MP: 1/13
  3169 | D:4      | Noticed an ogre
  3306 | D:2      | Reached skill level 1 in Charms
  3567 | D:2      | Noticed Crazy Yiuf
  3584 | D:2      | Killed Crazy Yiuf
  3817 | D:2      | Learned a level 2 spell: Searing Ray
  4203 | D:3      | Noticed Jessica
  4222 | D:3      | Killed Jessica
  4455 | D:4      | Noticed Priest's ghost (weakling DDBe)
  4499 | D:4      | Found a basalt altar of Yredelemnul.
  4505 | D:4      | Reached XP level 6. HP: 21/35 MP: 8/15
  4616 | D:4      | Killed Priest's ghost
  4616 | D:4      | Reached skill level 4 in Spellcasting
  4641 | D:4      | Killed an ogre
  4918 | D:4      | Killed a slave
  4922 | D:4      | Killed a slave
  4981 | D:4      | Killed a slave
  5042 | D:4      | Learned a level 3 spell: Dazzling Spray
  5046 | D:4      | Noticed Pikel
  5057 | D:4      | HP: 1/35 [Pikel/whip of flaming (1)]
  5313 | D:4      | Noticed a slave
  5336 | D:4      | Found a deep blue altar of Sif Muna.
  5434 | D:3      | Killed a slave
  5531 | D:3      | Noticed teukkam's ghost (average DrMo)
  5879 | D:4      | Reached XP level 7. HP: 39/39 MP: 6/18
  5965 | D:4      | Found a radiant altar of Vehumet.
  5973 | D:4      | Found a burning altar of Makhleb.
  5979 | D:4      | Became a worshipper of Vehumet
  6013 | D:4      | Killed Pikel
  6013 | D:4      | Reached skill level 5 in Conjurations
  6150 | D:5      | Entered Level 5 of the Dungeon
  6170 | D:5      | You fall through a shaft!
  6310 | D:6      | Reached XP level 8. HP: 38/45 MP: 5/20
  6719 | D:6      | Reached skill level 5 in Spellcasting
  6719 | D:6      | Reached skill level 6 in Conjurations
  6858 | D:6      | Found an iron altar of Okawaru.
  6863 | D:6      | Reached skill level 5 in Dodging
  6880 | D:6      | Found a glowing golden altar of the Shining One.
  6887 | D:6      | Found a snail-covered altar of Cheibriados.
  7217 | D:6      | Acquired Vehumet's first power
  7217 | D:6      | Offered knowledge of Shock by Vehumet.
  7235 | D:6      | Learned a level 4 spell: Iskenderun's Battlesphere
  7644 | D:6      | Reached skill level 7 in Conjurations
  7956 | D:5      | Reached XP level 9. HP: 49/49 MP: 13/22
  7981 | D:5      | Found a bloodstained altar of Trog.
  8110 | D:5      | Found a staircase to the Ecumenical Temple.
  8120 | Temple   | Entered the Ecumenical Temple
  8916 | D:7      | Found a staircase to the Orcish Mines.
  9035 | D:7      | Noticed Sigmund
  9040 | D:7      | Killed Sigmund
  9040 | D:7      | Reached skill level 5 in Charms
  9199 | D:7      | Reached skill level 8 in Conjurations
  9238 | D:7      | Found a sand-covered staircase.
  9243 | Ossuary  | Entered an ossuary
  9256 | Ossuary  | Offered knowledge of Sandblast by Vehumet.
  9591 | D:7      | Found a basalt altar of Yredelemnul.
  9685 | D:7      | Found a roughly hewn altar of Beogh.
  9685 | D:7      | the staircase to the Orcish Mines was a mimic.
  9825 | D:7      | Noticed Blork the orc
  9833 | D:7      | Killed Blork the orc
 10122 | D:7      | Noticed Joseph
 10126 | D:7      | Killed Joseph
 10126 | D:7      | Reached skill level 9 in Conjurations
 10126 | D:7      | Reached XP level 10. HP: 35/54 MP: 18/25
 10164 | D:7      | Learned a level 4 spell: Iskenderun's Mystic Blast
 10170 | D:8      | Noticed Edmund
 10181 | D:8      | Killed Edmund
 10220 | D:8      | Noticed teukkam's ghost (experienced DrMo)
 10296 | D:8      | Killed teukkam's ghost
 11344 | D:8      | Offered knowledge of Throw Frost by Vehumet.
 11500 | D:8      | Reached skill level 10 in Conjurations
 11532 | D:8      | Noticed Dowan
 11563 | D:8      | Killed Dowan
 11564 | D:8      | Noticed Duvessa
 11568 | D:8      | Killed Duvessa
 11782 | D:8      | Acquired Vehumet's second power
 11944 | D:8      | Found a staircase to the Orcish Mines.
 12309 | D:9      | Offered knowledge of Static Discharge by Vehumet.
 12407 | D:9      | Paralysed by a giant eyeball for 3 turns
 12676 | D:9      | Reached XP level 11. HP: 44/59 MP: 2/27
 13005 | D:10     | Entered Level 10 of the Dungeon
 13122 | D:10     | Acquired Vehumet's third power
 13234 | D:10     | Offered knowledge of Lee's Rapid Deconstruction by Vehumet.
 13241 | D:10     | Reached skill level 11 in Conjurations
 13255 | D:10     | Noticed Josephine
 13299 | D:9      | Learned a level 5 spell: Fulminant Prism
 13846 | D:10     | Killed Josephine
 14198 | D:11     | Noticed an unseen horror
 14201 | D:11     | Killed an unseen horror
 14491 | D:11     | Noticed a hill giant
 14497 | D:11     | Killed a hill giant
 14826 | D:11     | Found a staircase to the Lair.
 15070 | D:11     | Offered knowledge of Freezing Cloud by Vehumet.
 15119 | D:11     | Reached skill level 12 in Conjurations
 15305 | D:11     | Found Urruox Pnor's Gadget Shoppe.
 15373 | D:11     | Urruox Pnor's Gadget Shoppe was a mimic.
 15725 | D:11     | Found a blossoming altar of Fedhas.
 15880 | D:11     | Reached XP level 12. HP: 64/64 MP: 21/29
 15955 | D:11     | Noticed a hill giant
 15960 | D:11     | Killed a hill giant
 16138 | D:12     | Noticed Grum
 16143 | D:12     | Killed Grum
 16381 | D:12     | Noticed an eight-headed hydra
 16382 | D:12     | Noticed a rakshasa
 16419 | D:12     | Reached skill level 13 in Conjurations
 16784 | Lair:1   | Entered Level 1 of the Lair of Beasts
 16801 | Lair:1   | Noticed an eight-headed hydra
 16811 | Lair:1   | Killed an eight-headed hydra
 16811 | Lair:1   | Reached skill level 10 in Dodging
 17973 | Lair:2   | Noticed Gastronok
 17988 | Lair:2   | Killed Gastronok
 17988 | Lair:2   | Reached skill level 1 in Fighting
 17988 | Lair:2   | Reached skill level 10 in Spellcasting
 18724 | Lair:2   | Learned a level 4 spell: Leda's Liquefaction
 18956 | Lair:3   | Reached skill level 5 in Stealth
 19043 | Lair:3   | Reached XP level 13. HP: 63/72 MP: 22/31
 19044 | Lair:3   | Reached skill level 1 in Earth Magic
 19072 | Lair:3   | Offered knowledge of Ozocubu's Refrigeration by Vehumet.
 19451 | Lair:3   | Noticed a death yak
 19457 | Lair:3   | Noticed a death yak
 19457 | Lair:3   | Noticed a death yak
 19458 | Lair:3   | Noticed a death yak
 19459 | Lair:3   | Noticed a death yak
 19463 | Lair:3   | Noticed a death yak
 19508 | Lair:2   | Killed a death yak
 19862 | Lair:2   | Killed a death yak
 20014 | Lair:3   | Killed a death yak
 20046 | Lair:2   | Killed a death yak
 20046 | Lair:2   | Reached skill level 14 in Conjurations
 20187 | Lair:2   | Killed a death yak
 20289 | Lair:2   | Killed a death yak
 21382 | Lair:4   | Noticed Maud
 21416 | Lair:4   | Killed Maud
 21669 | Lair:4   | Found a bloodstained altar of Trog.
 22027 | Lair:4   | Offered knowledge of Bolt of Draining by Vehumet.
 22049 | Lair:4   | Found a staircase to the Swamp.
 22196 | Lair:4   | Found a hole to the Spider Nest.
 22373 | Lair:4   | Reached skill level 5 in Earth Magic
 23293 | Lair:5   | Learned a level 2 spell: Stoneskin
 23668 | Lair:5   | Reached XP level 14. HP: 64/81 MP: 10/32
 23746 | Lair:5   | Learned a level 3 spell: Call Canine Familiar
 25936 | Lair:6   | Found a staircase to the Slime Pits.
 26323 | Lair:7   | Offered knowledge of Venom Bolt by Vehumet.
 26418 | Lair:7   | Noticed Priest's ghost (powerful GrBe)
 26542 | Lair:6   | Reached skill level 15 in Conjurations
 26820 | Lair:6   | Reached skill level 5 in Fighting
 26955 | Lair:6   | Learned a level 5 spell: Venom Bolt
 28541 | Lair:7   | Killed Priest's ghost
 28759 | Lair:8   | Entered Level 8 of the Lair of Beasts
 30436 | Lair:8   | Reached XP level 15. HP: 89/89 MP: 6/34
 31160 | Lair:8   | Offered knowledge of Orb of Destruction by Vehumet.
 31175 | Lair:8   | Learned a level 7 spell: Orb of Destruction
 31398 | Lair:8   | Identified Sif Muna's Almanac of the Boosting Oath
 31442 | Lair:8   | Reached skill level 16 in Conjurations
 32269 | Orc:1    | Entered Level 1 of the Orcish Mines
 33371 | Orc:2    | Offered knowledge of Poison Arrow by Vehumet.
 33641 | Orc:1    | Noticed Psyche
 33650 | Orc:2    | Killed Psyche
 33927 | Orc:1    | Noticed Maurice
 34082 | Orc:1    | Killed Maurice
 34298 | Orc:1    | Found a bloodstained altar of Trog.
 35372 | Orc:3    | Found a staircase to the Elven Halls.
 35399 | Orc:3    | Noticed Harold
 35405 | Orc:3    | Killed Harold
 35547 | Orc:4    | Entered Level 4 of the Orcish Mines
 36059 | Orc:4    | Offered knowledge of Iron Shot by Vehumet.
 36068 | Orc:4    | Learned a level 6 spell: Iron Shot
 36372 | Orc:4    | Paralysed by an orc sorcerer for 3 turns
 37530 | Orc:4    | Found Ruemetar's Magical Wand Boutique.
 37535 | Orc:4    | Found Xehumn's Antique Armour Shoppe.
 37547 | Orc:4    | Found Ojiar's Book Shoppe.
 37552 | Orc:4    | Found Merin's Antique Weapon Boutique.
 37600 | Orc:4    | Bought a book of Enchantments for 600 gold pieces
 38159 | Swamp:1  | Entered Level 1 of the Swamp
 38844 | Swamp:1  | Reached XP level 16. HP: 91/97 MP: 23/35
 38895 | Swamp:1  | Learned a level 6 spell: Haste
 40342 | Swamp:2  | Noticed Snorg
 40346 | Swamp:2  | Killed Snorg
 40470 | Swamp:2  | Identified a scroll of acquirement
 40474 | Swamp:2  | Got a fine ruby amulet
 40475 | Swamp:2  | Identified the amulet of Plog {rMut Str+4 Dex+3} (You acquired it on level 2 of the Swamp)
 41425 | Swamp:3  | Offered knowledge of Fire Storm by Vehumet.
 41425 | Swamp:3  | Offered knowledge of Ice Storm by Vehumet.
 41425 | Swamp:3  | Offered knowledge of Shatter by Vehumet.
 42072 | Swamp:4  | Noticed Saint Roka
 42075 | Swamp:4  | Reached skill level 10 in Charms
 42095 | Swamp:4  | Killed Saint Roka
 43263 | Swamp:5  | Entered Level 5 of the Swamp
 44734 | Swamp:5  | Reached XP level 17. HP: 102/102 MP: 27/37
 45509 | Swamp:5  | Got a decaying rune of Zot
 45948 | Lair:2   | Learned a level 3 spell: Flight
 46092 | D:12     | Found Lanegual's Magic Scroll Boutique.
 46101 | D:12     | Bought a scroll of identify for 28 gold pieces
 46101 | D:12     | Bought a scroll of identify for 28 gold pieces
 46101 | D:12     | Bought a scroll of teleportation for 42 gold pieces
 46101 | D:12     | Bought a scroll of identify for 28 gold pieces
 46112 | D:12     | Noticed an ice dragon
 46119 | D:12     | Killed an ice dragon
 46210 | D:12     | Found Zinnu's Assorted Antiques.
 46215 | D:12     | Killed a rakshasa
 46228 | D:12     | Found Chibb's Antique Armour Shop.
 46268 | D:12     | Found Azijeras' Food Shop.
 46289 | D:12     | Bought a meat ration for 52 gold pieces
 46289 | D:12     | Bought a bread ration for 52 gold pieces
 46289 | D:12     | Bought a bread ration for 52 gold pieces
 46289 | D:12     | Bought a bread ration for 52 gold pieces
 46289 | D:12     | Bought a bread ration for 52 gold pieces
 46289 | D:12     | Bought a meat ration for 52 gold pieces
 46289 | D:12     | Bought a meat ration for 52 gold pieces
 46575 | D:12     | Killed an eight-headed hydra
 46743 | D:12     | Noticed an eight-headed hydra
 46746 | D:12     | Killed an eight-headed hydra
 47107 | D:12     | Reached skill level 17 in Conjurations
 47928 | D:13     | Found a blossoming altar of Fedhas.
 47998 | D:13     | Noticed Erica
 48004 | D:13     | Killed Erica
 48160 | D:13     | Found a shimmering altar of Xom.
 48453 | D:14     | Entered Level 14 of the Dungeon
 50201 | D:15     | Entered Level 15 of the Dungeon
 51254 | D:16     | Reached XP level 18. HP: 65/111 MP: 19/38
 51916 | D:16     | Noticed Roxanne
 52500 | D:16     | Killed Roxanne
 54504 | D:17     | Noticed Menkaure
 54505 | D:17     | Killed Menkaure
 54564 | D:17     | Reached skill level 18 in Conjurations
 54921 | D:18     | Reached skill level 10 in Earth Magic
 55006 | D:18     | Noticed Mara
 55197 | D:18     | Killed Mara
 55203 | D:18     | Found a staircase to the Vaults.
 55524 | D:18     | Found a snail-covered altar of Cheibriados.
 55645 | D:18     | Found Pheag's Jewellery Boutique.
 55862 | D:18     | Bought a +3 ring of intelligence for 251 gold pieces
 55862 | D:18     | Bought a +2 ring of protection for 160 gold pieces
 57704 | D:19     | Reached skill level 10 in Fighting
 57704 | D:19     | Reached XP level 19. HP: 119/119 MP: 39/39
 60105 | Spider:1 | Entered Level 1 of the Spider Nest
 62384 | Spider:4 | Noticed Nikola
 62389 | Spider:4 | Killed Nikola
 62389 | Spider:4 | Reached skill level 19 in Conjurations
 62706 | Spider:4 | Noticed Jorgrun
 62754 | Spider:4 | Killed Jorgrun
 62935 | Spider:4 | Noticed Arachne
 62950 | Spider:4 | Killed Arachne
 63568 | Spider:5 | Entered Level 5 of the Spider Nest
 63568 | Spider:5 | Noticed Aizul
 63665 | Spider:5 | Noticed Priest's ghost (powerful GrBe)
 63828 | Spider:5 | Noticed Donald
 63833 | Spider:5 | Killed Donald
 64097 | Spider:5 | Killed Priest's ghost
 64297 | Spider:5 | Killed Aizul
 64806 | Spider:5 | Reached XP level 20. HP: 126/128 MP: 25/40
 65174 | Spider:5 | Reached skill level 15 in Spellcasting
 65831 | Spider:5 | Got a gossamer rune of Zot
 66220 | Lair:2   | Learned a level 6 spell: Statue Form
 66223 | Lair:2   | Learned a level 1 spell: Apportation
 66437 | Elf:1    | Entered Level 1 of the Elven Halls
 66605 | Elf:1    | Reached skill level 1 in Transmutations
 66802 | Elf:1    | Got a faintly glowing marble ring
 66803 | Elf:1    | Identified the ring of Tedobi {MP+9 Str+5 Int+3} (You acquired it on level 1 of the Elven Halls)
 66823 | Elf:1    | Found Musk's Antique Weapon Shop.
 67104 | Elf:1    | Found Fyatutoje's Assorted Antiques.
 67145 | Elf:1    | Bought a scroll of identify for 88 gold pieces
 67679 | Elf:2    | Noticed Nessos
 67687 | Elf:2    | Killed Nessos
 68161 | Elf:2    | Noticed Fannar
 68168 | Elf:2    | Killed Fannar
 68486 | Elf:3    | Entered Level 3 of the Elven Halls
 68701 | Elf:3    | Noticed Norris
 68705 | Elf:3    | Paralysed by Norris for 3 turns
 68713 | Elf:3    | Killed Norris
 69065 | Elf:3    | Found Avacwic's Magical Wand Shop.
 69205 | Elf:3    | Found Prufathraph's Distillery.
 69208 | Elf:3    | Bought a potion of heal wounds for 48 gold pieces
 69208 | Elf:3    | Bought a potion of heal wounds for 48 gold pieces
 69208 | Elf:3    | Bought a potion of magic for 112 gold pieces
 69587 | Elf:3    | Reached skill level 20 in Conjurations
 70096 | Elf:3    | Cast into the Abyss (deep elf demonologist)
 70185 | Abyss:1  | Reached XP level 21. HP: 135/135 MP: 36/40
 70196 | Abyss:1  | Learned a level 2 spell: Cure Poison
 70279 | Abyss:1  | Found a corrupted altar of Lugonu.
 70926 | Abyss:1  | Reached skill level 15 in Dodging
 71705 | Abyss:4  | Reached skill level 5 in Transmutations
 71723 | Abyss:4  | Got an abyssal rune of Zot
 71860 | Abyss:4  | Found a corrupted altar of Lugonu.
 71950 | Elf:3    | Escaped the Abyss
 72323 | Elf:3    | Identified a +1 rod of the swarm (9/9) (You found it on level 3 of the Elven Halls)
 72367 | Elf:3    | Got a faintly glowing bronze ring
 72379 | Elf:3    | Identified the cursed ring "Smattaumnoe" {-Tele Dex-4 Dam+5} (You found it on level 3 of the Elven Halls)
 72922 | Elf:3    | Identified the Almanac of Bewitchment
 72992 | Elf:3    | Got a warped dagger
 73075 | Elf:3    | Got a flickering bone ring
 73087 | Elf:3    | Identified Surife's Papyrus of the Frostbite and Confrontation
 73108 | Elf:3    | Identified the dagger of Vanity {freeze, +Inv Str+3} (You found it on level 3 of the Elven Halls)
 73133 | Elf:3    | Identified the ring "Ylarod" {Contam MR} (You found it on level 3 of the Elven Halls)
 73137 | Elf:3    | Identified a +8 rod of demonology (12/12) (You found it on level 3 of the Elven Halls)
 73962 | D:20     | Entered Level 20 of the Dungeon
 74946 | Vaults:1 | Entered Level 1 of the Vaults
 76635 | Vaults:2 | Found Idott's General Store.
 76643 | Vaults:2 | Bought a scroll of teleportation for 39 gold pieces
 76643 | Vaults:2 | Bought a scroll of identify for 26 gold pieces
 76734 | Vaults:2 | Reached XP level 22. HP: 144/144 MP: 41/41
 76820 | Vaults:2 | Found an ancient bone altar of Kikubaaqudgha.
 76820 | Vaults:2 | Found a staircase to the Crypt.
 76821 | Vaults:2 | Found a basalt altar of Yredelemnul.
 77534 | Vaults:2 | Noticed Louise
 77542 | Vaults:2 | Killed Louise
 78163 | Vaults:2 | Reached skill level 21 in Conjurations
 78952 | Vaults:3 | Noticed Agnes
 78956 | Vaults:3 | Killed Agnes
 79013 | Vaults:3 | Found a flickering gateway to a bazaar.
 79013 | Vaults:3 | Noticed Rupert
 79018 | Vaults:3 | Killed Rupert
 79028 | Bazaar   | Entered a bazaar
 79028 | Bazaar   | Found Klocke's Magic Scroll Emporium.
 79028 | Bazaar   | Found Ytuifoiq's Book Emporium.
 79028 | Bazaar   | Found Niofuotsa's Book Shoppe.
 79030 | Bazaar   | Found Saiduy's Armour Emporium.
 79054 | Bazaar   | Bought a book of Annihilations for 1545 gold pieces
 79066 | Bazaar   | Learned a level 8 spell: Lehudib's Crystal Spear
 83480 | Vaults:4 | Reached XP level 23. HP: 137/152 MP: 42/42
 83497 | Vaults:4 | Found a staircase to the Hall of Blades.
 84379 | Vaults:5 | Entered Level 5 of the Vaults
 84396 | Vaults:5 | Noticed Boris
 84418 | Vaults:5 | Killed from afar by a tengu reaver

Action                   |  1- 3 |  4- 6 |  7- 9 | 10-12 | 13-15 | 16-18 | 19-21 | 22-24 || total
-------------------------+-------+-------+-------+-------+-------+-------+-------+-------++-------
Melee: Quarterstaff      |       |     5 |     4 |     6 |    47 |       |       |       ||    62
       Dagger            |       |       |       |       |    23 |     6 |       |       ||    29
       Staff             |       |       |       |       |       |    62 |    62 |    36 ||   160
       Unarmed           |       |       |       |       |       |       |     3 |     2 ||     5
 Cast: Magic Dart        |    71 |   129 |   161 |   431 |   727 |  1168 |   855 |   306 ||  3848
       Call Imp          |     5 |    26 |       |       |       |       |       |       ||    31
       Blink             |     1 |     8 |     2 |    15 |    67 |    29 |    14 |     6 ||   142
       Searing Ray       |       |    22 |    38 |    68 |    57 |       |       |       ||   185
       Mephitic Cloud    |       |     3 |     3 |    18 |    63 |     8 |    33 |    31 ||   159
       Dazzling Spray    |       |     2 |     7 |     5 |     2 |       |       |       ||    16
       Iskenderun's Batt |       |       |    21 |   119 |   234 |   282 |   251 |   108 ||  1015
       Repel Missiles    |       |       |     2 |     3 |    15 |    23 |    35 |    16 ||    94
       Iskenderun's Myst |       |       |       |    10 |    11 |       |       |       ||    21
       Fulminant Prism   |       |       |       |    11 |    31 |       |       |       ||    42
       Stoneskin         |       |       |       |       |    66 |    20 |    17 |       ||   103
       Leda's Liquefacti |       |       |       |       |     1 |       |       |       ||     1
       Venom Bolt        |       |       |       |       |   172 |   210 |   312 |   211 ||   905
       Call Canine Famil |       |       |       |       |    15 |       |       |       ||    15
       Orb of Destructio |       |       |       |       |    24 |    10 |    15 |     3 ||    52
       Iron Shot         |       |       |       |       |    13 |   172 |   182 |    91 ||   458
       Haste             |       |       |       |       |       |     1 |     2 |     1 ||     4
       Lehudib's Crystal |       |       |       |       |       |       |       |     6 ||     6
       Statue Form       |       |       |       |       |       |       |       |     2 ||     2
Evoke: Wand              |       |       |     3 |    15 |     7 |    25 |     5 |     7 ||    62
       Miscellaneous     |       |       |       |       |       |       |     1 |     2 ||     3
  Use: Potion            |       |     2 |     5 |     4 |     9 |     5 |    10 |     4 ||    39
       Scroll            |       |    13 |     8 |    11 |    12 |    14 |    20 |     9 ||    87
 Stab: Confused          |       |     1 |       |       |       |       |     1 |       ||     2
       Sleeping          |       |       |       |       |     1 |       |     1 |       ||     2
       Paralysed         |       |       |       |       |       |       |     6 |       ||     6
       Distracted        |       |       |       |       |       |       |     1 |       ||     1
